 Dungeon Crawl Stone Soup version 0.30-b1-2-g02819fbbbe (webtiles) character file.

Game seed: 7605487664290537937

7042 Alarkh the Martial Artist (level 10, -3/90 HPs)
             Began as a Demonspawn Chaos Knight on May 21, 2023.
             Was a Plaything of Xom.
             Slain by an Executioner (15 damage)
             ... on level 1 of the Abyss.
             The game lasted 00:14:40 (6654 turns).

Alarkh the Martial Artist (Demonspawn Chaos Knight) Turns: 6654, Time: 00:14:41

Health: -3/90      AC: 16    Str: 11    XL:     10   Next: 83%
Magic:  9/9        EV: 15    Int: 20    God:    Xom [...*..]
Gold:   462        SH:  0    Dex: 17    Spells: 9/9 levels left

rFire   . .          .
                       - Unarmed
rCold   . . .        (no shield)
rNeg    . . .        J - +4 acid dragon scales
rPois   .            (helmet restricted)
rElec   .            e - +1 cloak
rCorr   +            (gloves unavailable)
SInv    +            G - +1 pair of boots "Diegerhi" {Int+3}
Will    .....        t - amulet of regeneration
Stlth   +            h - ring of see invisible
HPRegen 1.15/turn    i - ring of flight
MPRegen 0.11/turn

%: random rage (9%)
@: about to teleport, flying
A: icy blue scales 1, spiny 2, demonic touch 3, horns 1, agile 1, berserk 2, low
MP 1, mutation resistance 1, sense surroundings 1, robust 1
a: Renounce Religion


You were on level 1 of the Abyss.
You worshipped Xom.
You were a favourite toy of Xom.
You visited 2 branches of the dungeon, and saw 10 of its levels.
You visited the Abyss 1 time.
You also visited: Sewer.

You collected 508 gold pieces.
You spent 46 gold pieces at shops.

Inventory:

Armour
 a - a +2 leather armour
 e - a +1 cloak (worn)
 B - a +0 helmet
 G - the +1 pair of boots "Diegerhi" (worn) {Int+3}
   (You found it on level 6 of the Dungeon)

   Int:       It affects your intelligence (+3).
 I - +0 steam dragon scales
 J - +4 acid dragon scales (worn)
Jewellery
 h - a ring of see invisible (left hand)
 i - a ring of flight (right hand)
 t - an amulet of regeneration (around neck)
 F - a +6 ring of intelligence
Wands
 n - a wand of flame (6)
 x - a wand of charming (4)
 y - a wand of digging (5)
Scrolls
 c - 5 scrolls of teleportation
 d - a scroll of summoning
 o - a scroll of poison
 p - 2 scrolls of magic mapping {unknown}
 q - 2 scrolls of fear
 r - a scroll of identify
 s - a scroll of fog
 v - 2 scrolls of brand weapon
 C - 3 scrolls of vulnerability {unknown}
 D - a scroll of torment
 E - 2 scrolls of immolation {unknown}
 H - a scroll of enchant weapon
Potions
 f - 3 potions of heal wounds
 g - 2 potions of curing
 j - a potion of ambrosia
 k - a potion of berserk rage
 l - 2 potions of magic
 m - 3 potions of might
 u - 3 potions of mutation
 w - a potion of haste
 z - 4 potions of flight
 A - a potion of invisibility
Miscellaneous
 b - a piece from Xom's chessboard (15/15) (quivered)


   Skills:
 + Level 8.9 Fighting
 - Level 1.7 Armour
 + Level 7.7 Dodging
 * Level 11.2 Unarmed Combat


You had 9 spell levels left.
You didn't know any spells.
Your spell library contained the following spells:

 Spells                   Type           Power      Damage    Failure   Level
 Beastly Appendage        Tmut           0%         N/A       28%         1
 Necrotise                Necr           0%         1d4       28%         1
 Slow                     Hex            0%         N/A       28%         1
 Lesser Beckoning         Tloc           0%         N/A       41%         2
 Poisonous Vapours        Pois/Air       0%         N/A       41%         2
 Wereblood                Tmut           0%         N/A       41%         2
 Confusing Touch          Hex            0%         N/A       65%         3
 Gell's Gravitas          Tloc           0%         N/A       65%         3
 Mephitic Cloud           Conj/Pois/Air  0%         N/A       65%         3
 Spider Form              Tmut/Pois      0%         N/A       65%         3
 Teleport Other           Tloc           0%         N/A       65%         3
 Vampiric Draining        Necr           0%         2d6       65%         3
 Vhi's Electric Charge    Tloc/Air       0%         N/A       65%         3
 Agony                    Necr           0%         N/A       100%        5
 Arcjolt                  Conj/Air       0%         1d10      100%        5
 Freezing Cloud           Conj/Ice/Air   0%         6-21      100%        5
 Dispersal                Tloc           0%         N/A       100%        6
 Maxwell's Capacitive Co  Air            0%         ∞         100%        8


Dungeon Overview and Level Annotations

Branches:
Dungeon (9/15)             Temple (1/1) D:4            Lair (0/5) D:9
  Sewer (visited)
    Orc: D:9-12

Altars:
Cheibriados
Dithmenos
Fedhas
Gozag
Hepliaklqana
Kikubaaqudgha
Makhleb
Nemelex Xobeh
Okawaru
Qazlal
Ru
Trog
Uskayaw
Vehumet
Wu Jian
Xom
Yredelemnul

Shops:
D:1 :

Annotations:
D:9 1 runed translucent door, Arcadio's ghost, novice DjFE


Innate Abilities, Weirdness & Mutations

You are partially covered in icy blue scales. (AC +2)
You are mostly covered in sharp spines.
Your touch may irresistibly damage your foes and sap their willpower.
You have a pair of small horns on your head.
You are agile. (Dex +4, Str/Int -1)
You have an uncontrollable temper.
Your magical capacity is low. (-10% MP)
You are somewhat resistant to further mutation.
You passively map a small area around you.
You are robust. (+10% HP)


Message History

The large abomination hits you but does no damage.
You are suddenly pulled into a different region of the Abyss!
HP restored.
Done exploring.
Done exploring.
You feel yourself speed up.
You recover from your berserk rage.
Okay, then.
Aiming: Dig
Press: ? - help, Shift-Dir - straight line A rock wall.
The rock shatters into small pieces.
A lurking horror comes into view.
You punch the lurking horror!
Your body is wracked with pain!
An Executioner punctures the fabric of time!
The Executioner gives a hideous shriek!
Okay, then.
As you read the scroll of teleportation, it crumbles to dust.
You feel strangely unstable.
You feel the power of the Abyss delaying your translocation!
The Executioner gestures.
The Executioner seems to speed up.
The Executioner attacks as you move away!
The Executioner hits you. The Executioner barely misses you.
The Executioner closely misses you. The Executioner misses you.
The Executioner hits you but does no damage. x2
The Executioner hits you. The Executioner closely misses you.
The Executioner completely misses you. The Executioner hits you!
The Executioner closely misses you. The Executioner hits you.
The Executioner completely misses you. x2
The Executioner hits you but does no damage.
You feel much better. The Executioner hits you! The Executioner hits you. x2
The Executioner is struck by your spines.
The Executioner hits you!! The Executioner hits you.
The Executioner misses you. The Executioner hits you!
* * * LOW HITPOINT WARNING * * *
The Executioner barely misses you. The Executioner closely misses you.
The Executioner hits you!
You die...
Xom chuckles heartily!

. . .. ## .# #..## #
## #.# # #......##
.... #..#####.##...
### ....###....# #. #.
#...##.....#### #...
##.# #...#.....#@#...#
#.#..#..## ..#1...#..
# ...1###..##......#
#...#....##...#.#...#
#.#..#....#...#....#..
. # ...##......#...# .
#.#.#.##......#....
#.#. #.#.#..###.# #
#.#..... #.


You could see an Executioner (fast).

Vanquished Creatures
  A great orb of eyes (Abyss:1)
  A boulder beetle (D:9)
  Pikel (D:9)
  A troll (D:9)
  Grinder (D:3)
  Sigmund (D:4)
  A wraith (D:8)
  A starcursed mass (Abyss:1)
  A basilisk (D:8)
  2 wyverns (D:9)
  4 steam dragons
  A golden eye (Abyss:1)
  5 hell hounds (Abyss:1)
  An acid dragon (D:8)
  A water moccasin (D:7)
  2 orc warriors
  2 sky beasts
  An ogre (D:4)
  A phantom (D:3)
  2 centaurs
  3 lemures (D:9)
  Blork the orc (D:4)
  5 bullfrogs
  4 kobold brigands
  4 wights (D:8)
  5 killer bees
  A quasit (Abyss:1)
  2 hounds
  A jelly (D:7)
  A gnoll bouda (D:7)
  An orc priest (D:8)
  An iron imp (D:8)
  Jessica (D:3)
  2 sleepcaps
  2 iguanas (D:6)
  4 orc wizards
  Robin (D:4)
  16 gnolls
  2 river rats (Sewer)
  11 adders
  A shadow imp (D:8)
  3 white imps
  2 ufetubi
  A worm (Sewer)
  5 dart slugs
  24 orcs
  8 ball pythons
  7 endoplasms
  4 giant cockroaches
  14 goblins
  8 hobgoblins
  18 kobolds
  2 quokkas
  4 bats
  18 frilled lizards
  8 rats
  A lurking horror (Abyss:1)
227 creatures vanquished.

Vanquished Creatures (others)
  7 plants (D:3)
7 creatures vanquished.

Grand Total: 234 creatures vanquished

Notes
Turn   | Place    | Note
-------+----------+-------------------------------------------
     0 | D:1      | Alarkh the Demonspawn Chaos Knight began the quest for the
                  | Orb.
     0 | D:1      | Reached XP level 1. HP: 18/18 MP: 1/1
    50 | D:1      | Reached skill level 1 in Dodging
    50 | D:1      | Reached skill level 3 in Unarmed Combat
    50 | D:1      | Gained mutation: You are partially covered in sharp spines.
                  | [demonic ancestry]
    50 | D:1      | Reached XP level 2. HP: 16/24 MP: 2/2
   612 | D:1      | Reached XP level 3. HP: 28/29 MP: 3/3
   711 | D:1      | Found Okhlysm's Book Shop.
  1569 | D:3      | Gained mutation: You are partially covered in icy blue
                  | scales. (AC +2) [demonic ancestry]
  1569 | D:3      | Reached XP level 4. HP: 35/35 MP: 4/4
  1607 | D:3      | Found a faded altar of an unknown god.
  1715 | D:3      | Found a glowing drain.
  1727 | Sewer    | Entered a sewer
  1734 | Sewer    | Reached skill level 4 in Unarmed Combat
  1763 | Sewer    | Gained mutation: Your touch may inflict minor irresistible
                  | damage on your foes. [demonic ancestry]
  1763 | Sewer    | Reached XP level 5. HP: 40/42 MP: 5/5
  1815 | Sewer    | XOM: cast spell 'Alistair's Intoxication'
  1842 | Sewer    | XOM: potion effect (brilliance)
  1912 | Sewer    | Gained mutation: Your touch may inflict irresistible damage
                  | on your foes. [demonic ancestry]
  1912 | Sewer    | Reached XP level 6. HP: 24/48 MP: 6/6
  2021 | Sewer    | XOM: potion effect (brilliance)
  2032 | Sewer    | Reached skill level 5 in Unarmed Combat
  2165 | D:3      | Noticed Jessica
  2173 | D:3      | Killed Jessica
  2229 | D:3      | Noticed Grinder
  2229 | D:3      | Paralysed by Grinder for 3 turns
  2232 | D:3      | XOM: scenery: create altars
  2235 | D:3      | XOM: scenery: create altars
  2236 | D:3      | Paralysed by Grinder for 5 turns
  2246 | D:3      | XOM: scenery: summon butterflies
  2248 | D:3      | Killed Grinder
  2249 | D:3      | Reached XP level 7. HP: 55/55 MP: 7/7
  2284 | D:3      | XOM: give mutation
  2284 | D:3      | Gained mutation: You passively map a small area around you.
                  | [Xom's grace]
  2362 | D:3      | XOM: god gift: club {god gift}
  2450 | D:4      | Reached skill level 5 in Fighting
  2450 | D:4      | Reached skill level 6 in Unarmed Combat
  2510 | D:4      | XOM: fake destruction
  2510 | D:4      | Noticed Blork the orc
  2522 | D:4      | XOM: fog
  2527 | D:4      | XOM: enchant monster (bad)
  2528 | D:4      | Killed Blork the orc
  2552 | D:4      | Found a sacrificial altar of Ru.
  2677 | D:4      | XOM: summons 4 hostile demons
  2737 | D:4      | Found a staircase to the Ecumenical Temple.
  2777 | D:4      | Gained mutation: You are mostly covered in sharp spines.
                  | [demonic ancestry]
  2777 | D:4      | Reached XP level 8. HP: 58/63 MP: 8/8
  2844 | D:4      | Noticed Robin
  2845 | D:4      | Noticed Sigmund
  2847 | D:4      | XOM: swap monsters
  2852 | D:4      | XOM: give mutations
  2852 | D:4      | Gained mutation: Your flesh is heat resistant. (rF+) [Xom's
                  | grace]
  2852 | D:4      | Gained mutation: You are robust. (+10% HP) [Xom's grace]
  2852 | D:4      | Gained mutation: You are agile. (Dex +4, Str/Int -1) [Xom's
                  | grace]
  2858 | D:4      | Killed Robin
  2862 | D:4      | Killed Sigmund
  2863 | D:4      | Reached skill level 7 in Unarmed Combat
  2988 | D:4      | Found Avvageug's CLEARANCE SALE!.
  3013 | D:4      | Bought a scroll of enchant armour for 22 gold pieces
  3013 | D:4      | Bought a potion of mutation for 24 gold pieces
  3060 | Temple   | Entered the Ecumenical Temple
  3298 | D:5      | Entered Level 5 of the Dungeon
  3527 | D:5      | XOM: give mutations
  3527 | D:5      | Lost mutation: You are robust. (+10% HP) [Xom's mischief]
  3527 | D:5      | Gained mutation: Your magical capacity is low. (-10% MP)
                  | [Xom's mischief]
  3527 | D:5      | Gained mutation: You are robust. (+10% HP) [Xom's mischief]
  3527 | D:5      | Gained mutation: You are somewhat resistant to further
                  | mutation. [Xom's mischief]
  3653 | D:5      | XOM: summons 4 hostile shadow creatures
  3997 | D:6      | XOM: summons friendly ufetubus
  4084 | D:6      | Identified the +1 pair of boots "Diegerhi" {Int+3}
  4089 | D:6      | XOM: torment (36/70 hp)
  4227 | D:6      | Reached skill level 5 in Dodging
  4356 | D:6      | Identified the +3 ring mail of Duedd {Fly rElec rCorr Str-4
                  | Int-5}
  4568 | D:6      | XOM is BORED!
  4568 | D:6      | XOM: stat loss: -1 Str (10/11)
  4763 | D:7      | Reached skill level 8 in Unarmed Combat
  4814 | D:7      | Gained mutation: Your touch may irresistibly damage your
                  | foes and sap their willpower. [demonic ancestry]
  4814 | D:7      | Reached XP level 9. HP: 78/78 MP: 8/8
  4881 | D:7      | XOM: scenery: create altars
  5050 | D:7      | XOM: chaos upgrade
  5168 | D:8      | Found a radiant altar of Vehumet.
  5323 | D:8      | XOM: 3-stop teleportation journey
  5378 | D:8      | XOM: enchant monster (good)
  5380 | D:8      | Reached skill level 9 in Unarmed Combat
  5421 | D:8      | XOM: summons 3 friendly demons
  5634 | D:8      | Found a snail-covered altar of Cheibriados.
  5654 | D:8      | XOM: give mutations
  5654 | D:8      | Gained mutation: You have a pair of small horns on your
                  | head. [Xom's mischief]
  5654 | D:8      | Lost mutation: Your flesh is heat resistant. (rF+) [Xom's
                  | mischief]
  5654 | D:8      | Gained mutation: You sometimes lose your temper in combat.
                  | [Xom's mischief]
  5654 | D:8      | Gained mutation: You have an uncontrollable temper. [Xom's
                  | mischief]
  5699 | D:8      | XOM: enchant monster (good)
  5762 | D:8      | Found a basalt altar of Yredelemnul.
  5839 | D:9      | XOM: confuse monster(s)
  5997 | D:9      | XOM: divination: detect items
  6043 | D:9      | Found an iron altar of Okawaru.
  6053 | D:9      | Noticed Pikel
  6063 | D:9      | Killed Pikel
  6064 | D:9      | Reached skill level 10 in Unarmed Combat
  6064 | D:9      | Reached XP level 10. HP: 78/88 MP: 9/9
  6125 | D:9      | Noticed a boulder beetle
  6143 | D:9      | XOM: enchant monster (good)
  6145 | D:9      | XOM: summons 3 friendly demons
  6149 | D:9      | XOM: polymorph quasit -> shadow imp
  6150 | D:9      | XOM: summons 5 hostile demons
  6185 | D:9      | XOM: enchant monster (good)
  6191 | D:9      | Killed a boulder beetle
  6273 | D:9      | Noticed Arcadio's ghost (novice DjFE)
  6278 | D:9      | Found a runed translucent door.
  6285 | D:9      | Found a staircase to the Lair.
  6318 | D:9      | XOM: 3-stop teleportation journey
  6364 | Abyss:1  | Cast into level 1 of the Abyss (gnoll sergeant)
  6414 | Abyss:1  | Noticed a great orb of eyes
  6417 | Abyss:1  | Noticed a starcursed mass
  6418 | Abyss:1  | XOM: divination: detect items
  6420 | Abyss:1  | Killed a great orb of eyes
  6439 | Abyss:1  | Killed a starcursed mass
  6459 | Abyss:1  | Found a corrupted altar of Lugonu.
  6470 | Abyss:1  | XOM: summons friendly iron imp
  6476 | Abyss:1  | Reached skill level 11 in Unarmed Combat
  6505 | Abyss:1  | XOM: enchant monster (good)
  6514 | Abyss:1  | XOM: silly message
  6547 | Abyss:1  | XOM: blink monster(s)
  6548 | Abyss:1  | XOM: cleaving
  6565 | Abyss:1  | Noticed a large abomination
  6646 | Abyss:1  | Noticed an Executioner
  6654 | Abyss:1  | Slain by an Executioner

Illustrated notes

Levels and vault maps discovered:
D:1:      saegor_arrival_simple_c, layout_loops_corners, serial_shops, shop
D:2:      layout_basic, serial_forest, infiniplex_forest_clump_small,
          infiniplex_forest_lined_corner, infiniplex_forest_clump_small,
          infiniplex_forest_lined_4_way, infiniplex_forest_end_2,
          infiniplex_forest_lined_ring, infiniplex_forest_lined_2,
          infiniplex_forest_corner_2, infiniplex_forest_clump_small
D:3:      layout_rooms, portal_sewer_entry_d, hellmonk_ecumenical_altar_zigzags,
          minmay_lizard_king, uniq_grinder, uniq_jessica
D:4:      layout_cave_pools, nicolae_ru_awakened_eye, temple_doors_e,
          nicolae_shop_clearance, uniq_sigmund, uniq_robin, uniq_blork_the_orc
D:5:      layout_loops_cross
D:6:      layout_loops_cross
D:7:      layout_gridville
D:8:      cheibrodos_barr_body, layout_rooms, slow_altar_2, kennysheep_mini,
          amcnicky_altar_gilded, dk_noncrumbling_4, kennysheep_generic_room_13
D:9:      cheibrodos_iron_armory, layout_layer_cave, lemuel_crystal_altar,
          lair_entry_dummy, hellmonk_ghost_happy_afterlife, serial_rivers,
          chequers_serial_rivers_micro_b, chequers_serial_rivers_micro_a,
          chequers_serial_rivers_micro_d, chequers_serial_rivers_marsh,
          minivault_4, chequers_avenue, uniq_pikel
Temple:   dpeg_chambers_temple
Abyss:1:  base: D:2, bh_silent_lugonu_exit

Skill      XL: |  1  2  3  4  5  6  7  8  9 10 |
---------------+-------------------------------+-----
Dodging        | 1 2 3 4 5 6 7 |  7.7
Unarmed Combat | 3 4 5 6 8 10 11 | 11.2
Fighting       | 4 5 6 7 8 |  8.9
Armour         | |  1.7

Action                     |  1- 3 |  4- 6 |  7- 9 | 10-12 || total
---------------------------+-------+-------+-------+-------++-------
  Melee: Unarmed           |    98 |   127 |   288 |    88 ||   601
         Punch             |     2 |     4 |    14 |     6 ||    26
         Touch             |       |    15 |    52 |    17 ||    84
         Headbutt          |       |       |    10 |    20 ||    30
  Evoke: Piece from Xom's  |       |       |     4 |       ||     4
         Wand              |       |       |       |     1 ||     1
    Use: Scroll            |     1 |       |    21 |     3 ||    25
         Potion            |     1 |       |     1 |     1 ||     3
   Stab: Sleeping          |     1 |       |       |       ||     1
         Confused          |       |       |     2 |       ||     2
         Petrified         |       |       |       |     2 ||     2
         Distracted        |       |       |       |     1 ||     1
         Petrifying        |       |       |       |     1 ||     1
 Armour: Leather armour    |    30 |    46 |    63 |       ||   139
         Steam dragon scal |       |       |    33 |       ||    33
         Acid dragon scale |       |       |    14 |    31 ||    45
  Dodge: Dodged            |    44 |    61 |   180 |    57 ||   342
